 Dungeon Crawl Stone Soup version 0.31-a0-1074-g0b22e4e0f1 (webtiles) character file.

Game seed: 17144659370424629574

20 LeprechaunX the Changeling (level 2, -4/18 HPs)
             Began as an Octopode Shapeshifter on Nov 29, 2023.
             Slain by a gnoll
             ... wielding a +0 spear of pain
              (9 damage)
             ... on level 1 of the Dungeon.
             The game lasted 00:00:32 (458 turns).

LeprechaunX the Changeling (Octopode Shapeshifter)   Turns: 458, Time: 00:00:32

Health: -4/18      AC:  1    Str: 13    XL:     2   Next: 79%
Magic:  2/2        EV: 13    Int: 12    God:
Gold:   29         SH:  0    Dex: 11    Spells: 1/1 levels left

rFire   . .          .
                       - Unarmed
rCold   . . .        e - orb {light}
rNeg    . . .        (helmet currently unavailable)
rPois   .            (no amulet)
rElec   .            (no ring)
rCorr   .            (no ring)
SInv    .            (no ring)
Will    .....        (no ring)
Stlth   +            (no ring)
HPRegen 0.23/turn    (no ring)
MPRegen 0.08/turn    (no ring)
                     (no ring)

%: no passive effects
@: beast-form, glowing
A: beast (slay +1), almost no armour, amphibious, 8 rings, camouflage 1,
gelatinous body 1, (nimble swimmer 1), tentacles
a: Begin Untransformation


You were on level 1 of the Dungeon.
You were a hulking beast.
You visited 1 branch of the dungeon, and saw 1 of its levels.

You collected 29 gold pieces.

Inventory:

Armour
 e - an orb of light (worn)
Talismans
 b - a beast talisman
 c - a flux talisman
Scrolls
 d - a scroll of identify {unknown}
Potions
 a - a potion of lignification
 f - a potion of enlightenment {unknown}


   Skills:
 + Level 1.5 Fighting
 - Level 2.0 Dodging
 + Level 3.2 Unarmed Combat
 * Level 3.4 Shapeshifting


You had one spell level left.
You didn't know any spells.
Your spell library contained the following spells:

 Spells                   Type           Power      Damage    Failure   Level
 Cigotuvi's Dreadful Rot  Necr/Pois/Air  0%         N/A       45%         2
 Ignite Poison            Fire/Tmut/Pois 0%         N/A       69%         3
 Freezing Cloud           Conj/Ice/Air   0%         6-21      100%        5


Dungeon Overview and Level Annotations

Branches:
Dungeon (1/15)

Altars:


Innate Abilities, Weirdness & Mutations

You are a hulking beast.
Your limbs bulge with bestial killing power. (Slay +1)
You cannot wear most types of armour.
You are amphibious.
You can wear up to eight rings at the same time.
Your skin changes colour to match your surroundings (Stealth+).
Your rubbery body absorbs attacks. (AC +1, EV +1)
((You are camouflaged when in or above water. (Stealth+)))
You have tentacles for arms and can constrict up to eight enemies at once.


Message History

No target in view!
No target in view!
No target in view!
No target in view!
Found a stone staircase leading down.
Found a robe.
As you open the door, it creaks loudly!
A gnoll comes into view. It is wielding a +0 spear of pain.
The gnoll shouts!
You hear an angry hiss.
A gnoll is nearby!
A gnoll is nearby!
A gnoll is nearby!
A gnoll is nearby!
The gnoll hits you from afar with a +0 spear of pain.
A ball python comes into view.
There is an open door here.
The gnoll hits you with a +0 spear of pain!
You are too injured to fight recklessly!
You are too injured to fight recklessly!
You are too injured to fight recklessly!
You are too injured to fight recklessly!
You are too injured to fight recklessly!
Unknown command.
You completely miss the gnoll.
The ball python hisses angrily.
Your grab misses the gnoll.
The gnoll hits you with a +0 spear of pain.
* * * LOW HITPOINT WARNING * * *
An endoplasm comes into view.
You tentacle-slap the gnoll. You grab the gnoll.
The gnoll is lightly wounded.
You constrict the gnoll, but do no damage.
The gnoll closely misses you.
You tentacle-slap the gnoll.
You squeeze the gnoll, but do no damage.
The gnoll is moderately wounded.
You constrict the gnoll, but do no damage.
The gnoll hits you with a +0 spear of pain!
Ouch! That really hurt!
You die...

#### ###########
########... .......>..##
#......#...
#...#[#..###......#...
#.....................
#####......##.##......#...
#..........##.........#...
#.......#'#####...........
#.......#h# ##......#...
#.......#g# #......####
#....##.#J# #......# #....
#.#S. #......# # ....
..#.. ######## # #...
###... # #.. #... # #....
##### # ###...# #


You could see a gnoll, an endoplasm and a ball python.

Vanquished Creatures
  A bat (D:1)
  4 endoplasms (D:1)
  2 giant cockroaches (D:1)
  3 goblins (D:1)
  A hobgoblin (D:1)
  3 kobolds (D:1)
  A frilled lizard (D:1)
  A rat (D:1)
16 creatures vanquished.

Notes
Turn   | Place    | Note
-------+----------+-------------------------------------------
     0 | D:1      | LeprechaunX the Octopode Shapeshifter began the quest for
                  | the Orb.
     0 | D:1      | Reached XP level 1. HP: 13/13 MP: 1/1
    81 | D:1      | Reached XP level 2. HP: 14/18 MP: 2/2
   458 | D:1      | Slain by a gnoll

Illustrated notes

Levels and vault maps discovered:
D:1:      psy_arrival_heroes, layout_basic

Action                     || total
---------------------------++-------
  Melee: Unarmed           ||    27
         Constrict         ||     5
         Tentacles         ||     6
 Armour: Skin              ||    10
  Dodge: Dodged            ||    15

Table legend: (Time is in decaauts)
 A = Elapsed time spent in this place.
 B = Non-inter-level travel time spent in this place.
 C = Inter-level travel time spent in this place.
 D = Time resting spent in this place.
 E = Time spent auto-exploring this place.
 F = Levels seen in this place.
 G = Mean time per level.
                   A        B        C        D        E       F      G
               +--------+--------+--------+--------+--------+-----+--------+
         Total |    456 |    456 |      0 |      0 |    358 |   1 |  456.0 |
       Dungeon |    456 |    456 |      0 |      0 |    358 |   1 |  456.0 |
               +--------+--------+--------+--------+--------+-----+--------+

Top non-repeatable levels by time:
     D:1: 456 daAuts
